 Dungeon Crawl Stone Soup version 0.24-a0-613-g1ff6aac338 (webtiles) character file.

Game seed: 3019302362920215822, levelgen mode: deterministic

31 AFishMan the Caller (level 3, -6/24 HPs)
             Began as a Merfolk Summoner on Sept 9, 2019.
             Killed by divine providence
             ... invoked by an orc priest
              (13 damage)
             ... on level 3 of the Dungeon on Sept 10, 2019.
             The game lasted 00:24:48 (1821 turns).

AFishMan the Caller (Merfolk Summoner)              Turns: 1821, Time: 00:24:49

Health: -6/24      AC:  7    Str:  8    XL:     3   Next: 22%
Magic:  1/6        EV: 13    Int: 15    God:
Gold:   78         SH:  0    Dex: 14    Spells: 3/6 levels left

rFire    . . .     SeeInvis .   n - +0 trident
rCold    . . .     Gourm    .   (no shield)
rNeg     . . .     Faith    .   a - +1 robe
rPois    .         Spirit   .   (no helmet)
rElec    .         Reflect  .   h - +2 cloak
rCorr    .         Harm     .   (no gloves)
MR       +....                  k - +0 pair of boots
Stlth    ++........             (no amulet)
HPRegen  0.08/turn              d - ring of protection from magic
MPRegen  0.10/turn              (no ring)

@: no status effects
A: change form in water, swift swim, stealthy swim
a: no special abilities


You were on level 3 of the Dungeon.
You were not hungry.

You visited 1 branch of the dungeon, and saw 3 of its levels.

You collected 78 gold pieces.

Inventory:

Hand Weapons
 n - a +0 trident (weapon)
Armour
 a - a +1 robe (worn)
 f - a +0 robe
 h - a +2 cloak (worn)
 k - a +0 pair of boots (worn)
Jewellery
 d - a ring of protection from magic (left hand)
Scrolls
 b - a scroll of fog {unknown}
 i - 2 scrolls of immolation {unknown}
 m - a scroll of enchant weapon {unknown}
Potions
 e - a potion of degeneration {unknown}
 g - a potion of mutation {unknown}
 l - a potion of might {unknown}
Comestibles
 c - 2 rations


   Skills:
 + Level 0.1 Fighting
 + Level 2.9 Dodging
 + Level 2.2 Stealth
 + Level 2.4 Spellcasting
 + Level 4.6 Summonings


You had 3 spell levels left.
You knew the following spells:

 Your Spells              Type           Power        Failure   Level  Hunger
a - Summon Small Mammal   Summ           ###.         3%          1    #......
b - Call Imp              Summ           ###.....     4%          2    ###....

Your spell library contained the following spells:

 Spells                   Type           Power        Failure   Level  Hunger
 Call Canine Familiar     Summ           ###.....     10%         3    ###....
 Summon Guardian Golem    Hex/Summ       #.......     24%         3    ###....
 Summon Ice Beast         Ice/Summ       #.......     63%         4    #####..
 Summon Lightning Spire   Summ/Air       #.......     63%         4    #####..


Dungeon Overview and Level Annotations

Branches:
Dungeon (3/15)

Altars:


Message History

The weapon returns to the orc!
Something hits your crimson imp but does no damage.
Your crimson imp blinks!
The orc throws a boomerang.
The weapon returns to the orc!
Your crimson imp blinks!
The orc priest calls upon Beogh to heal the orc.
The orc's wounds heal themselves!
Something hits your crimson imp.
Your crimson imp blinks!
Your crimson imp disappears in a puff of smoke!
Something barely misses your crimson imp.
Something hits your crimson imp.
Something completely misses your crimson imp.
Something hits your crimson imp. Something hits your crimson imp.
Something hits your crimson imp.
The orc priest mumbles some strange prayers to Beogh against you.
Beogh smites you!
Ouch! That really hurt!
You die...

....>..... ..#
....... .....#
..###...##.....
...o...oo......
..#####o##...w.
#S##.....
#{##.# #
#.#.#####5##.#
#$.......@.5.#
###.......##.#
###..#####.#
#......<.#
#..####### #..
#.. #..


You could see an orc priest, an adder, 2 orcs and 2 friendly crimson imps.

Vanquished Creatures
  A bat (D:1)
  3 rats
4 creatures vanquished.

Vanquished Creatures (collateral kills)
  2 oozes (D:2)
  2 leopard geckos (D:1)
  An orc (D:3)
  5 bats
  3 giant cockroaches (D:1)
  4 goblins
  4 hobgoblins
  5 jackals
  A ball python (D:3)
  A frilled lizard (D:2)
  3 kobolds (D:1)
  A rat (D:1)
32 creatures vanquished.

Grand Total: 36 creatures vanquished

Notes
Turn   | Place    | Note
-------+----------+-------------------------------------------
     0 | D:1      | AFishMan the Merfolk Summoner began the quest for the Orb.
     0 | D:1      | Reached XP level 1. HP: 13/13 MP: 3/3
   429 | D:1      | Reached XP level 2. HP: 6/19 MP: 1/5
   433 | D:1      | Learned a level 2 spell: Call Imp
   738 | D:1      | Upgraded the game from 0.24-a0-592-g9a1d66b0e3 to
                  | 0.24-a0-613-g1ff6aac338
  1275 | D:2      | Reached XP level 3. HP: 24/24 MP: 0/6
  1821 | D:3      | Killed from afar by an orc priest

Levels and vault maps discovered:
D:1:      nicolae_arrival_memento_mori, layout_loops_ring
D:2:      layout_rooms, first_ration
D:3:      layout_loops_ring

Action                   || total
-------------------------++-------
Melee: Club              ||    15
       Trident           ||     1
 Cast: Summon Small Mamm ||    30
       Call Imp          ||    25
  Use: Scroll            ||     3
  Eat: Ration            ||     2
       Chunk             ||     1
Armor: Robe              ||    23
Dodge: Dodged            ||    61

Table legend:
 A = Non-vault XP
 B = Vault XP
 C = Vault XP percentage of total XP
 D = Non-vault monster count
 E = Vault monster count
 F = Vault count percentage of total count
                 A         B        C        D         E       F
            +---------+---------+-------+---------+---------+-------
      Total |      45 |       0 |   0.0 |      36 |       0 |   0.0
            +---------+---------+-------+---------+---------+-------
        D:1 |      24 |       0 |   0.0 |      22 |       0 |   0.0
        D:2 |      17 |       0 |   0.0 |      11 |       0 |   0.0
        D:3 |       4 |       0 |   0.0 |       3 |       0 |   0.0
            +---------+---------+-------+---------+---------+-------
